Map: Ruby Rock LE

Players

Flammekueche

  • Race: Terran Terran
  • Spawn Location: 5:00

A.I. 1 (Very Easy) - Winner!

  • Race: Zerg Zerg
  • Spawn Location: 11:00

VOD

Have the link to the VOD?

Description

Time

  • Played on: March 29, 2026, 7:20 a.m.
  • Length: 7:35
Show
View Real Time Build Order
Export as new Build Order

Flammekueche Terran 

Build Orders: Reaper Expand 

Get SALT Encoding   

  12  0:00  SCV  
  13  0:12  SCV  
  14  0:18  Supply Depot  
  14  0:24  SCV  
  15  0:39  SCV  
  15  0:41  Barracks  
  16  0:43  Refinery  
  16  0:51  SCV  
  17  1:03  SCV  
  18  1:15  SCV  
  19  1:28  Reaper, Orbital Command  
  20  1:39  Command Center  
  20  1:47  Supply Depot  
  20  1:53  SCV  
  21  2:01  Marine  
  21  2:05  SCV  
  23  2:10  Factory  
  23  2:17  SCV  
  23  2:21  Barracks Reactor  
  24  2:29  SCV  
  25  2:39  Command Center  
  25  2:42  SCV  
  26  2:51  Orbital Command  
  26  2:54  SCV  
  27  2:58  Starport  
  27  3:06  SCV  
  27  3:07  Refinery  
  28  3:17  Hellion x2  
  28  3:18  SCV x2  
  34  3:21  Barracks Tech Lab  
  34  3:30  SCV x2  
  36  3:38  Hellion x2  
  40  3:42  Banshee  
  40  3:44  SCV x2  
  40  3:45  Barracks Tech Lab  
  45  3:52  Orbital Command  
  45  3:56  SCV x2  
  47  4:08  SCV x2  
  47  4:09  Factory Reactor  
  49  4:10  Barracks  
  49  4:12  Barracks  
  49  4:14  Stimpack  
  49  4:17  SCV  
  49  4:20  SCV x2  
  49  4:22  Supply Depot  
  52  4:29  SCV  
  53  4:32  SCV x2  
  53  4:34  Marine  
  56  4:38  Starport Reactor  
  56  4:40  Refinery  
  56  4:41  Refinery  
  56  4:42  Orbital Command  
  56  4:44  SCV x2  
  56  4:45  Supply Depot  
  58  4:52  Supply Depot  
  58  4:54  Engineering Bay, Marine  
  58  4:55  Engineering Bay  
  58  4:57  SCV x2  
  61  5:01  Marine x2  
  63  5:08  SCV  
  63  5:09  SCV x2, Marine x2  
  63  5:11  Supply Depot  
  63  5:12  Marine  
  69  5:16  Medivac x2  
  69  5:19  Marine x2  
  69  5:20  SCV  
  69  5:21  SCV x2  
  77  5:23  Terran Infantry Armor Level 1, Terran Infantry Weapons Level 1  
  77  5:27  Marine x2  
  80  5:30  Marine  
  80  5:31  Supply Depot  
  80  5:32  SCV  
  80  5:33  SCV  
  83  5:35  Barracks  
  83  5:36  Marine  
  83  5:37  Marine  
  83  5:38  Barracks  
  83  5:41  SCV  
  86  5:44  SCV  
  86  5:45  Marine x2  
  86  5:47  SCV  
  86  5:48  Marine  
  91  5:50  Supply Depot  
  91  5:53  SCV  
  91  5:54  Marine x2  
  91  5:56  Siege Tank, SCV, Combat Shield  
  98  5:59  SCV  
  98  6:00  Supply Depot  
  98  6:02  Medivac  
  101  6:10  Armory  
  101  6:11  Marine x2, Medivac, SCV x3  
  101  6:17  Supply Depot  
  108  6:19  Marine, Supply Depot  
  108  6:21  Marine x2  
  108  6:23  SCV x2  
  108  6:24  Supply Depot  
  113  6:25  Barracks Reactor x2  
  113  6:31  Bunker  
  113  6:33  Marine x2  
  113  6:37  Marine  
  113  6:38  Siege Tank  
  119  6:40  SCV  
  119  6:42  Refinery, Factory  
  119  6:44  Marine x2  
  122  6:47  Medivac, Supply Depot  
  122  6:50  Marine  
  122  6:52  Medivac, Marine  
  128  6:54  Marine  
  128  6:57  Supply Depot  
  129  7:02  Marine x2  
  129  7:03  Marine x3  
  129  7:05  Command Center  
  129  7:07  Marine  
  135  7:08  Marine  
  135  7:11  Marine  
  145  7:27  Factory Reactor  
  147  7:33  Supply Depot  
Show
View Real Time Build Order
Export as new Build Order

A.I. 1 (Very Easy) Zerg - Winner!

Build Orders: Pool First 

Get SALT Encoding   

  12  0:01  Drone  
  13  0:12  Overlord  
  13  0:16  Drone  
  14  0:34  Spawning Pool  
  13  0:37  Drone  
  13  0:41  Extractor  
  13  0:44  Drone  
  14  0:51  Overlord  
  14  1:21  Zergling x2  
  14  1:23  Queen  
  17  1:32  Roach Warren  
  16  1:34  Extractor  
  16  1:39  Drone  
  16  1:42  Zergling x2  
  16  1:46  Drone  
  18  2:00  Drone  
  19  2:02  Zergling x2  
  20  2:11  Drone  
  21  2:21  Drone  
  22  2:30  Drone  
  22  2:31  Overlord  
  23  2:38  Drone  
  24  2:45  Drone  
  25  3:53  Zergling x2  
  25  6:05  Roach, Drone, Lair, Overlord  
  28  6:12  Drone  
  29  6:19  Drone  
  27  6:26  Drone  
  28  6:34  Drone  
  29  6:48  Roach  
  31  7:02  Overseer  
  31  7:05  Overseer  
  31  7:24  Hatchery  
Tags
 
Add a new tag
Caveats
  • Supply blocks, unpowered buildings, or Contaminate may cause inaccurate times.
  • Supply counts are checked every 10 seconds.